 Dungeon Crawl Stone Soup version 0.18.1-8-gdd0e5ea (webtiles) character file.

1398 Chiseanne the Covert (level 8, -7/42 HPs)
             Began as a Spriggan Hunter on May 21, 2016.
             Was an Initiate of Gozag.
             Mangled by an orc warrior
             ... wielding a +0 war axe
              (28 damage)
             ... on level 7 of the Dungeon.
             The game lasted 00:18:46 (6940 turns).

Chiseanne the Covert (Spriggan Hunter)              Turns: 6940, Time: 00:18:47

Health: -7/42      AC:  3    Str:  6 (8)  XL:     8   Next: 41%
Magic:  9/9        EV: 24    Int: 12      God:    Gozag
Gold:   346        SH:  0    Dex: 16 (19) Spells: 0 memorised, 7 levels left

rFire  . . .     SeeInvis +     j - +2 whip (venom)
rCold  . . .     Gourm    .     q - +1 robe {Archmagi}
rNeg   + . .     Faith    .     (shield restricted)
rPois  .         Spirit   .     (helmet restricted)
rElec  .         Dismiss  .     (no cloak)
rCorr  .         Reflect  .     (gloves unavailable)
SustAt .         Harm     .     (boots unavailable)
MR     +....                    (no amulet)
Stlth  ++++++....               k - ring of stealth
                                n - ring of positive energy

@: very quick, somewhat resistant to hostile enchantments, very stealthy
A: unfitting armour, see invisible, herbivore 3, speed 3, slow metabolism 2
a: Potion Petition, Call Merchant, Bribe Branch, Renounce Religion


You were on level 7 of the Dungeon.
You worshipped Gozag.
Gozag was noncommittal.
You were full.

You visited 2 branches of the dungeon, and saw 8 of its levels.

You collected 445 gold pieces.
You paid 99 gold pieces to Gozag.

Inventory:

Hand Weapons
 a - a +5 club
 j - a +2 whip of venom (weapon)
 w - a +2 hand crossbow
 x - a +0 dagger of speed
 y - a +0 war axe of electrocution
Missiles
 b - 41 arrows
 c - a throwing net (quivered)
 g - 261 stones
 l - 72 sling bullets
 o - 24 poisoned needles
 r - 5 tomahawks of returning
Armour
 q - a +1 robe of the Archmagi (worn)
 v - a +0 cloak
Rods
 u - a +2 rod of shadows (3/14)
   (You found it on level 6 of the Dungeon)
Jewellery
 k - a ring of stealth (right hand)
 n - a ring of positive energy (left hand)
Scrolls
 h - 4 scrolls of magic mapping
 m - a scroll of remove curse
 s - 4 scrolls of identify
Potions
 e - a potion of cancellation {unknown}
 i - 2 potions of curing
 p - a potion of heal wounds
 t - 2 potions of might
Comestibles
 f - 4 bread rations


   Skills:
 * Level 4.5 Fighting
 + Level 2.1 Short Blades
 - Level 4.0 Crossbows
 * Level 9.3 Dodging
 * Level 9.5 Stealth


You had 7 spell levels left.
You didn't know any spells.

Dungeon Overview and Level Annotations

Branches:
Dungeon (7/15)             Temple (1/1) D:6

Altars:
Cheibriados
Dithmenos
Elyvilon
Fedhas
Gozag
Makhleb
Nemelex Xobeh
Okawaru
Pakellas
Qazlal
Ru
Sif Muna
Trog
Vehumet
Xom
Yredelemnul
Zin
The Shining One

Annotations:
D:4 Natasha
D:5 1 exclusion


Innate Abilities, Weirdness & Mutations

You are tiny and cannot use many weapons and most armour.
You have supernaturally acute eyesight.
You are a herbivore.
You cover ground extremely quickly.
You need consume almost no food.


Message History

The orc warrior looks even sicker.
The orc warrior is heavily wounded.
The orc warrior struggles against the net.
The orc struggles against the net.
You hit the orc warrior but do no damage.
The orc warrior is heavily wounded.
The orc warrior struggles to escape the net.
The orc struggles against the net.
The net rips apart, and the orc comes free!
The orc warrior struggles against the net.
You hit the orc warrior but do no damage.
The orc warrior is severely wounded.
The orc warrior struggles against the net.
The net rips apart, and the orc warrior comes free!
You hit the orc warrior but do no damage.
The orc warrior is severely wounded.
The orc warrior hits you with a war axe!!
Ouch! That really hurt!
You die...
Your body crumbles into a pile of gold.

#...........###.......#
#####.......# #.......#
###.(...#############
#....(.<...........#
#...[[..#.....###
#.............#
#.......#o....#
#.......#oo...# ....
#....####..@.## ....
#....#######.## ..!..
######........# .....
#.%...$..#......
#........#......
#...........<#
#........#####
#........# #........#


You could see an orc warrior and 2 orcs.

Vanquished Creatures
  Edmund (D:4)
  An ogre (D:5)
  2 giant frogs (D:6)
  2 scorpions (D:4)
  A crimson imp (D:5)
  A jelly (D:5)
  3 orc priests (D:4)
  5 hounds
  5 orc wizards
  Jessica (D:3)
  Natasha (D:4)
  An iguana (D:4)
  5 worker ants
  A killer bee zombie (D:6)
  7 gnolls
  4 adders
  3 shadow imps (D:5)
  2 oozes
  An adder zombie (D:5)
  2 adder skeletons
  4 worms
  5 giant geckos
  25 orcs
  3 giant cockroaches
  12 goblins
  6 hobgoblins
  9 jackals
  A quokka (D:6)
  3 ball pythons
  A ball python zombie (D:5)
  6 bats
  4 giant newts
  6 kobolds
  A quokka zombie (D:6)
  5 rats
140 creatures vanquished.

Vanquished Creatures (collateral kills)
  An orc priest (D:7)
  An orc wizard (D:7)
  A howler monkey zombie (D:7)
  A giant gecko (D:7)
  An orc (D:7)
5 creatures vanquished.

Grand Total: 145 creatures vanquished

Notes
Turn   | Place    | Note
--------------------------------------------------------------
     0 | D:1      | Chiseanne the Spriggan Hunter began the quest for the Orb.
     0 | D:1      | Reached XP level 1. HP: 10/10 MP: 2/2
   178 | D:1      | Reached XP level 2. HP: 14/14 MP: 3/3
   188 | D:1      | Reached skill level 1 in Short Blades
   631 | D:1      | Gained mutation: Your system is resistant to poisons. [potion of beneficial mutation]
   816 | D:2      | Reached XP level 3. HP: 18/18 MP: 4/4
  1411 | D:2      | Reached XP level 4. HP: 22/22 MP: 5/5
  1866 | D:3      | Reached skill level 5 in Dodging
  2248 | D:3      | Noticed Jessica
  2255 | D:3      | Killed Jessica
  2255 | D:3      | Reached XP level 5. HP: 25/25 MP: 6/6
  2265 | D:3      | Found a deep blue altar of Sif Muna.
  2408 | D:4      | Reached skill level 5 in Stealth
  2561 | D:4      | Reached XP level 6. HP: 30/30 MP: 7/7
  2988 | D:4      | Noticed Edmund
  3136 | D:4      | Found a glowing golden altar of the Shining One.
  3164 | D:4      | Noticed a yak
  3166 | D:4      | Noticed a yak
  3166 | D:4      | Noticed a yak
  3178 | D:4      | Noticed Natasha
  3754 | D:4      | Reached XP level 7. HP: 32/36 MP: 8/8
  3962 | D:4      | Killed Edmund
  4052 | D:4      | Killed Natasha
  4099 | D:5      | Entered Level 5 of the Dungeon
  4107 | D:5      | Found a blossoming altar of Fedhas.
  4476 | D:4      | Noticed Natasha
  4799 | D:5      | Reached XP level 8. HP: 38/42 MP: 9/9
  4870 | D:5      | Found a white marble altar of Elyvilon.
  4871 | D:5      | Found a sacrificial altar of Ru.
  4871 | D:5      | Found a bloodstained altar of Trog.
  4871 | D:5      | Found a sparkling altar of Nemelex Xobeh.
  4877 | D:5      | Found a glowing silver altar of Zin.
  4877 | D:5      | Found a basalt altar of Yredelemnul.
  5769 | D:6      | Lost mutation: Your system is resistant to poisons. [potion of cure mutation]
  6153 | D:6      | Found a staircase to the Ecumenical Temple.
  6171 | Temple   | Entered the Ecumenical Temple
  6176 | Temple   | Became a worshipper of Gozag Ym Sagoz the Greedy
  6245 | D:6      | Found a burning altar of Makhleb.
  6413 | D:6      | Identified a +1 rod of shadows (13/13) (You found it on level 6 of the Dungeon)
  6626 | D:7      | Found an opulent altar of Gozag.
  6940 | D:7      | Mangled by an orc warrior

Skill      XL: |  1  2  3  4  5  6  7  8 |
---------------+-------------------------+-----
Stealth        | 2 3 4 5 6 8 9 |  9.5
Short Blades   | 1 2 |  2.1
Dodging        | 4 5 6 7 8 9 |  9.3
Fighting       | 2 3 4 |  4.5
Crossbows      | |  4.0

Action                   |  1- 3 |  4- 6 |  7- 9 || total
-------------------------+-------+-------+-------++-------
Melee: Club              |       |     1 |   118 ||   119
       Whip              |       |       |     5 ||     5
 Fire: Hand crossbow     |    84 |   145 |   117 ||   346
Throw: Throwing net      |       |       |    12 ||    12
Evoke: Rod               |       |       |     6 ||     6
  Use: Scroll            |     4 |       |     5 ||     9
       Potion            |     3 |     3 |     4 ||    10
 Stab: Sleeping          |       |       |     7 ||     7
       Held in net/web   |       |       |     2 ||     2
       Distracted        |       |       |     1 ||     1
  Eat: Pizza             |       |     1 |       ||     1
       Fruit             |       |       |     3 ||     3
       Bread ration      |       |       |     1 ||     1
Armor: Robe              |     4 |     2 |     9 ||    15
Dodge: Dodged            |    31 |    31 |   148 ||   210
